 Dungeon Crawl Stone Soup version 0.27.1-3-gb3d3a73c9e (webtiles) character file.

Game seed: 5763002627378218947

81 Yaksher the Firebug (level 4, -4/24 HPs)
             Began as a Deep Elf Fire Elementalist on Oct 11, 2021.
             Slain by Crazy Yiuf (16 damage)
             ... on level 3 of the Dungeon.
             The game lasted 00:12:41 (3041 turns).

Yaksher the Firebug (Deep Elf Fire Elementalist)    Turns: 3041, Time: 00:12:41

Health: -4/24      AC:  2    Str:  5    XL:     4   Next: 19%
Magic:  7/11       EV: 12    Int: 21    God:
Gold:   232        SH:  0    Dex: 15    Spells: 6/10 levels left

rFire    . . .     SeeInvis +   d - +0 short sword
rCold    . . .     Faith    .   (no shield)
rNeg     + . .     Spirit   .   a - +0 robe
rPois    .         Reflect  .   (no helmet)
rElec    .         Harm     .   c - scarf {repulsion}
rCorr    .         Rampage  .   (no gloves)
Will     .....                  (no boots)
Stlth    ++........             (no amulet)
HPRegen  0.08/turn              g - ring of positive energy
MPRegen  0.12/turn              b - ring of see invisible

@: repel missiles
A: no striking features
a: no special abilities


You were on level 3 of the Dungeon.
You visited 1 branch of the dungeon, and saw 3 of its levels.

You collected 232 gold pieces.

Inventory:

Hand Weapons
 d - a +0 short sword (weapon)
Armour
 a - a +0 robe (worn)
 c - a scarf of repulsion (worn)
 j - a +0 leather armour
Magical Staves
 e - a staff of death
 i - a staff of earth
Jewellery
 b - a ring of see invisible (right hand)
 g - a ring of positive energy (left hand)
Wands
 l - a wand of paralysis (9)
Scrolls
 f - 3 scrolls of blinking
 k - 2 scrolls of silence
 m - a scroll of torment
 o - a scroll of brand weapon {unknown}
 p - a scroll of magic mapping {unknown}
Potions
 h - 2 potions of might
 n - 4 potions of curing {unknown}


   Skills:
 - Level 2.6 Dodging
 - Level 2.5 Stealth
 + Level 3.7 Spellcasting
 * Level 2.3 Conjurations
 + Level 0.8 Hexes
 * Level 4.4 Fire Magic


You had 6 spell levels left.
You knew the following spells:

 Your Spells              Type           Power      Damage    Failure   Level
a - Foxfire               Conj/Fire      72%        2x1d7     3%          1
b - Inner Flame           Hex/Fire       15%        N/A       12%         3

Your spell library contained the following spells:

 Spells                   Type           Power      Damage    Failure   Level
 Conjure Flame            Conj/Fire      18%        6-21      9%          3
 Portal Projectile        Hex/Tloc       10%        N/A       30%         3
 Sticky Flame             Conj/Fire      18%        2d4       30%         4
 Fireball                 Conj/Fire      9%         3d6       63%         5
 Blade Hands              Tmut           1%         N/A       98%         5
 Excruciating Wounds      Necr           1%         N/A       98%         5


Dungeon Overview and Level Annotations

Branches:
Dungeon (3/15)

Altars:
Makhleb
Wu Jian

Annotations:
D:3 Crazy Yiuf


Message History

Moving in this stuff is going to be slow.
You enter the shallow water.
Moving in this stuff is going to be slow.
You enter the shallow water.
Moving in this stuff is going to be slow.
You enter the shallow water.
Moving in this stuff is going to be slow.
You enter the shallow water.
Moving in this stuff is going to be slow.
You enter the shallow water.
Moving in this stuff is going to be slow.
There is an open door here.
You see here a +0 club.
Unknown command.
As you open the door, it creaks loudly!
Crazy Yiuf shouts!
Hit: d) +0 short sword
Press: ? - help, Dir - move target, f - Crazy Yiuf
Aim: Crazy Yiuf, wielding a +4 quarterstaff of chaos and wearing a +0 cloak of preservation (about 36% to evade your +0 short sword)
Your weapon can't reach that far!
Okay, then.
Crazy Yiuf says, "Gum forty-two light!"
You conjure some foxfire!
The foxfire hits Crazy Yiuf but does no damage.
You conjure some foxfire!
There is not enough space to conjure foxfire!
Your foxfire dissipates!
The foxfire hits Crazy Yiuf.
Crazy Yiuf is lightly wounded.
The foxfire hits Crazy Yiuf.
Crazy Yiuf is heavily wounded.
You conjure some foxfire!
Crazy Yiuf closely misses you.
Your foxfire dissipates!
The foxfire hits Crazy Yiuf.
Crazy Yiuf is severely wounded.
You conjure some foxfire!
Crazy Yiuf hits you with a +4 quarterstaff of chaos!
Ouch! That really hurt!
You are electrocuted!
Ouch! That really hurt!
You die...

##.........# #g##
#..........
##.........## ##.#
#####.#.#.#
##..........# #.##
#...... ##..........#
##.# ######.
##..........# ##.## ##
##..........# ##...#
######.###..# #....#
######.# #..# #g...#
.....#.# #..# #@v..####
.....#.# #### #.v.#...#
.....#.# #.......#
.....#.#########.###...#
######.........).....#.#
# ##########....#.#.#.#
# #......# #.##.#.#.#.#
# #......# #........#.#
# #......# #........†.#


You could see Crazy Yiuf (ally target).

Vanquished Creatures
  2 adders
  2 worms (D:2)
  3 orcs (D:3)
  8 endoplasms
  5 giant cockroaches
  8 hobgoblins
  A ball python (D:3)
  7 bats
  A frilled lizard (D:3)
  6 goblins
  4 kobolds
  3 rats
50 creatures vanquished.

Vanquished Creatures (collateral kills)
  A foxfire (D:1)
1 creature vanquished.

Vanquished Creatures (others)
  189 foxfires
  2 fungi (D:1)
  4 toadstools (D:1)
195 creatures vanquished.

Grand Total: 246 creatures vanquished

Notes
Turn   | Place    | Note
-------+----------+-------------------------------------------
     0 | D:1      | Yaksher the Deep Elf Fire Elementalist began the quest for
                  | the Orb.
     0 | D:1      | Reached XP level 1. HP: 10/10 MP: 6/6
   285 | D:1      | Reached XP level 2. HP: 15/15 MP: 5/8
   710 | D:1      | Found a faded altar of an unknown god.
   912 | D:2      | Reached skill level 4 in Fire Magic
  1123 | D:2      | Reached XP level 3. HP: 19/19 MP: 4/9
  1206 | D:2      | Learned a level 3 spell: Inner Flame
  1918 | D:3      | Reached XP level 4. HP: 15/24 MP: 8/11
  2035 | D:3      | Found a burning altar of Makhleb.
  2037 | D:3      | Noticed an Executioner
  2194 | D:3      | Noticed a ynoxinul
  2194 | D:3      | Noticed a neqoxec
  2658 | D:3      | Found a runed translucent door.
  2659 | D:3      | Noticed Crazy Yiuf
  2692 | D:3      | Found an ornate altar of the Wu Jian Council.
  2697 | D:3      | Noticed a spectral centipede
  2697 | D:3      | Noticed a spectral black mamba
  2697 | D:3      | Noticed a spectral cane toad
  3041 | D:3      | Slain by Crazy Yiuf

Illustrated notes

Levels and vault maps discovered:
D:1:      mrwooster_arrival_statue_3, layout_rooms,
          hellmonk_ecumenical_altar_lost_god, minivault_5,
          minmay_gold_behind_fungi
D:2:      layout_basic
D:3:      layout_basic, pdpol_wu_jian_five_deadly_venoms,
          makhleb_altar_promises_db, st_stairs_2,
          chequers_serial_rivers_large_a, kennysheep_generic_room_11,
          uniq_crazy_yiuf_cottage

Skill      XL: |  1  2  3 |
---------------+----------+-----
Fire Magic     | 4 |  4.4
Conjurations   | 2 |  2.3
Dodging        | |  2.6
Stealth        | |  2.5
Spellcasting   | |  3.7
Hexes          | |  0.8

Action                   |  1- 3 |  4- 6 || total
-------------------------+-------+-------++-------
Melee: Unarmed           |    10 |       ||    10
       Short sword       |     3 |       ||     3
 Cast: Foxfire           |    85 |    33 ||   118
  Use: Scroll            |     4 |       ||     4
Armor: Robe              |     1 |       ||     1
Dodge: Dodged            |     5 |     1 ||     6
